 Dungeon Crawl Stone Soup version 0.28-a0-1387-g3a22ab9bdc (webtiles) character file.

Game seed: 589476628660700157

37 HallandMoats the Skirmisher (level 3, -8/29 HPs)
             Began as a Demonspawn Fighter on Jan 3, 2022.
             Was a High Priest of Ignis.
             Killed by nerve-wracking pain
             ... invoked by Jessica
              (10 damage)
             ... on level 2 of the Dungeon.
             The game lasted 00:02:19 (1500 turns).

HallandMoats the Skirmisher (Demonspawn Fighter)    Turns: 1500, Time: 00:02:20

Health: -8/29      AC:  8    Str: 18    XL:     3   Next: 23%
Magic:  4/4        EV:  9    Int:  9    God:    Ignis [*****.]
Gold:   71         SH:  4    Dex: 12    Spells: 2/2 levels left

rFire   + . .      SeeInvis .   a - +0 war axe
rCold   . . .      Faith    .   c - +0 buckler
rNeg    . . .      Spirit   .   b - +0 scale mail
rPois   .          Reflect  .   (no helmet)
rElec   .          Harm     .   (no cloak)
rCorr   .          Rampage  .   (no gloves)
Will    .....                   (no boots)
Stlth   ..........              (no amulet)
HPRegen 0.09/turn               (no ring)
MPRegen 0.09/turn               (no ring)

@: no status effects
A: slimy green scales 1, spiny 1
a: Renounce Religion, Fiery Armour, Foxfire Swarm, Rising Flame


You were on level 2 of the Dungeon.
You worshipped Ignis.
Ignis was extremely pleased with you.
You visited 1 branch of the dungeon, and saw 2 of its levels.

You collected 71 gold pieces.

Inventory:

Hand Weapons
 a - a +0 war axe (weapon)
Armour
 b - a +0 scale mail (worn)
 c - a +0 buckler (worn)
Scrolls
 g - a scroll of blinking {unknown}
 h - 2 scrolls of amnesia {unknown}
 i - 2 scrolls of enchant weapon {unknown}
 j - a scroll of identify {unknown}
Potions
 d - a potion of might
 e - a potion of brilliance {unknown}
 f - 2 potions of attraction {unknown}


   Skills:
 + Level 3.1 Fighting
 + Level 2.0 Axes
 + Level 2.8 Armour
 + Level 0.4 Dodging
 + Level 2.9 Shields
 * Level 2.5 Invocations


You had 2 spell levels left.
You didn't know any spells.
Your spell library contained the following spells:

 Spells                   Type           Power      Damage    Failure   Level
 Leda's Liquefaction      Hex/Erth       0%         N/A       100%        4
 Lee's Rapid Deconstruct  Erth           0%         3d5*      100%        5
 Statue Form              Tmut/Erth      0%         N/A       100%        6


Dungeon Overview and Level Annotations

Branches:
Dungeon (2/15)

Altars:
Zin
Ignis

Annotations:
D:2 1 runed translucent door, Crazy Yiuf, Jessica


Innate Abilities, Weirdness & Mutations

You are partially covered in slimy green scales. (AC +2)
You are partially covered in sharp spines.


Message History

You slash the endoplasm!
You kill the endoplasm!
Found a runed orb.
You see here an orb of wrath.
A kobold comes into view. It is wielding a +0 dagger.
A kobold is nearby!
You slash the kobold!
You kill the kobold!
Things that are here:
a +0 dagger; a kobold corpse
Found a stone staircase leading down.
Jessica the Apprentice Sorceress comes into view.
She is wielding a +0 club.
Jessica shouts!
You hear an angry hiss.
You see here a scroll labelled FUAKAI MOIKY.
Jessica is nearby!
Jessica gestures wildly while chanting.
Jessica seems to speed up.
You hit Jessica but do no damage. Jessica is struck by your spines.
Jessica hits you with a +0 club. x2; Jessica is struck by your spines.
Jessica hits you with a +0 club!
You closely miss Jessica.
Jessica is severely wounded.
Jessica barely misses you. x2
You completely miss Jessica.
Jessica is severely wounded.
Jessica is struck by your spines. Jessica barely misses you.
Jessica casts a spell at you. Pain shoots through your body!
You barely miss Jessica.
Jessica is almost dead.
Jessica gestures wildly while chanting.
Jessica blinks!
Jessica gestures wildly while chanting.
Jessica blinks!
Jessica casts a spell at you. Pain shoots through your body!
* * * LOW HITPOINT WARNING * * *
Jessica points at you and mumbles some strange words.
Pain shoots through your body!
You die...

#.....#.#.# #####
#... #.....#.#.#
#.## #..?....#.#
#.## #..>..### #
#.## ##.....###.#
#.## #..........#
#... #.##.#.#####..
#### #. #.ยง.$......
# ##@@###### #..#
##### ....#
...####### ###..# #
#........
.....#.####..#####.
##...............##.
..##.#.##....##....
.. ..........#####.
#.......#####.


You could see Jessica (fast).

Vanquished Creatures
  A dart slug (D:1)
  5 ball pythons
  4 endoplasms
  5 hobgoblins (D:1)
  4 kobolds
  A quokka (D:2)
  3 bats (D:1)
  4 goblins
  3 rats (D:1)
30 creatures vanquished.

Notes
Turn   | Place    | Note
-------+----------+-------------------------------------------
     0 | D:1      | HallandMoats the Demonspawn Fighter began the quest for the
                  | Orb.
     0 | D:1      | Reached XP level 1. HP: 18/18 MP: 1/1
   251 | D:1      | Reached skill level 1 in Invocations
   253 | D:1      | Gained mutation: You are partially covered in slimy green
                  | scales. (AC +2) [demonic ancestry]
   253 | D:1      | Reached XP level 2. HP: 15/24 MP: 2/2
   673 | D:1      | Found a faded altar of an unknown god.
   710 | D:1      | Prayed at the altar of an unknown god.
   710 | D:1      | Became a worshipper of Ignis, the Dying Flame
   883 | D:1      | Gained mutation: You are partially covered in sharp spines.
                  | [demonic ancestry]
   883 | D:1      | Reached XP level 3. HP: 29/29 MP: 4/4
  1226 | D:2      | Found a runed translucent door.
  1227 | D:2      | Noticed Crazy Yiuf
  1490 | D:2      | Noticed Jessica
  1500 | D:2      | Killed from afar by Jessica

Illustrated notes

Levels and vault maps discovered:
D:1:      amcnicky_arrival_double_pillar, layout_basic,
          chequers_ecumenical_altar_simple, corexii_item_surrounded_by_moat
D:2:      layout_loops_cross, basic_altar, uniq_crazy_yiuf_cottage, uniq_jessica

Skill      XL: |  1  2  3 |
---------------+----------+-----
Invocations    | 1 2 |  2.5
Axes           | 2 |  2.0
Fighting       | |  3.1
Armour         | |  2.8
Dodging        | |  0.4
Shields        | |  2.9

Action                   || total
-------------------------++-------
Melee: War axe           ||    78
Invok: Fiery Armour      ||     1
Armor: Scale mail        ||    43
Dodge: Dodged            ||    26
Block: Buckler           ||    19

Table legend: (Time is in decaauts)
 A = Elapsed time spent in this place.
 B = Non-inter-level travel time spent in this place.
 C = Inter-level travel time spent in this place.
 D = Time resting spent in this place.
 E = Time spent auto-exploring this place.
 F = Levels seen in this place.
 G = Mean time per level.
                   A        B        C        D        E       F      G
               +--------+--------+--------+--------+--------+-----+--------+
         Total |   1533 |   1533 |      0 |    267 |    995 |   2 |  766.5 |
       Dungeon |   1533 |   1533 |      0 |    267 |    995 |   2 |  766.5 |
               +--------+--------+--------+--------+--------+-----+--------+

Top non-repeatable levels by time:
     D:1: 1172 daAuts
     D:2: 361 daAuts
